 Seeded DCSS version 0.29-a0-392-g297d3b089c (webtiles) character file.

Game seed: 1081155327248409866 (custom seed)

2272 bwicke the Charlatan (level 8, 0/65 (73) HPs)
             Began as a Demigod Transmuter on May 8, 2022.
             Slain by a hell rat (4 damage)
             ... on level 6 of the Dungeon.
             The game lasted 00:21:53 (8400 turns).

bwicke the Charlatan (Demigod Transmuter)           Turns: 8400, Time: 00:21:54

HP:   0/65 (73)     AC:  5    Str: 19    XL:     8   Next: 95%
MP:   13/13         EV: 11    Int: 15    God:
Gold: 234           SH:  0    Dex: 14    Spells: 9/10 levels left

rFire   + + .      SeeInvis .   a - +2 flail (drain)
rCold   + . .      Faith    .   (no shield)
rNeg    . . .      Spirit   .   p - +0 ring mail {rF+}
rPois   +          Reflect  .   (helmet currently unavailable)
rElec   .          Harm     .   A - scarf {rC+ rF+}
rCorr   .          Rampage  .   (no gloves)
Will    .....                   (boots currently unavailable)
Stlth   +.........              (no amulet)
HPRegen 0.20/turn               C - ring of poison resistance
MPRegen 0.13/turn               (no ring)

@: appendages (expiring), heavily drained
A: horns 2, talons 2, high MP 1, forlorn, divine attributes
a: End Transformation


You were on level 6 of the Dungeon.
You had temporarily grown beastly horns and talons.
You visited 1 branch of the dungeon, and saw 6 of its levels.

You collected 234 gold pieces.

Inventory:

Hand Weapons
 a - a +2 flail of draining (weapon)
 b - a +3 hunting sling
 c - a +0 short sword
 q - a +0 spear
 r - a +0 dagger
 s - a +0 falchion
 u - a +1 short sword of protection
 w - a +3 trident
 D - a +4 spear
Missiles
 l - 129 stones
 t - 2 atropa-tipped darts
Armour
 p - a +0 ring mail of fire resistance (worn)
 A - a scarf of resistance (worn)
Magical Staves
 f - a staff of fire
 E - a staff of earth
Jewellery
 C - a ring of poison resistance (left hand)
Wands
 y - a wand of charming (5)
 z - a wand of iceblast (1)
Scrolls
 j - 4 scrolls of teleportation
 o - a scroll of poison
 v - a scroll of vulnerability
Potions
 d - 4 potions of curing
 e - 3 potions of attraction {unknown}
 g - a potion of heal wounds {unknown}
 h - a potion of magic {unknown}
 i - 2 potions of flight {unknown}
 k - 2 potions of lignification
 m - 3 potions of ambrosia
 n - 2 potions of haste {unknown}
 x - 2 potions of might
 B - 3 potions of brilliance {unknown}


   Skills:
 - Level 7.0 Fighting
 - Level 2.6 Slings
 - Level 1.7 Dodging
 - Level 2.6 Unarmed Combat
 - Level 1.7 Spellcasting
 + Level 4.4 Transmutations
 - Level 7.0 Evocations


You had 9 spell levels left.
You knew the following spells:

 Your Spells              Type           Power      Damage    Failure   Level
a - Beastly Appendage     Tmut           28%        N/A       6%          1

Your spell library contained the following spells:

 Spells                   Type           Power      Damage    Failure   Level
 Wereblood                Tmut           14%        N/A       10%         2
 Spider Form              Tmut/Pois      7%         N/A       43%         3
 Ice Form                 Ice/Tmut       7%         N/A       85%         4


Dungeon Overview and Level Annotations

Branches:
Dungeon (6/15)             Temple (0/1) D:4

Shops:
D:2 =


Innate Abilities, Weirdness & Mutations

You have temporarily grown beastly horns and talons.
You have an increased reservoir of magic. (+10% MP)
You shall have no god before yourself.
Your divine heritage dramatically boosts your attributes as you level up.


Message History

The hell rat bites you but does no damage.
You hit the hell rat. Your kick misses the hell rat.
Your headbutt misses the hell rat.
The hell rat is moderately wounded.
The hell rat closely misses you. The hell rat barely misses you.
A river rat comes into view.
You closely miss the hell rat.
The hell rat is moderately wounded.
The hell rat closely misses you.
You barely miss the hell rat.
You claw the hell rat, but do no damage.
You headbutt the hell rat, but do no damage.
The hell rat is moderately wounded.
The hell rat barely misses you. The hell rat misses you.
You hit the hell rat but do no damage. You headbutt the hell rat!
The hell rat is almost dead.
The hell rat bites you.
You feel drained.
The hell rat twitches its whiskers.
A river rat comes into view.
The hell rat barely misses you.
You sock the hell rat!
You kill the hell rat!
The hell rat barely misses you.
You barely miss the hell rat.
Your transformation is almost over.
The hell rat bites you!
You feel drained.
The river rat twitches its whiskers.
You hit the hell rat.
You claw the hell rat, but do no damage.
The hell rat is lightly wounded.
The hell rat bites you! x2
* * * LOW HITPOINT WARNING * * *
You feel drained.
* * * LOW HITPOINT WARNING * * *
You feel better.
A hell rat comes into view.
The hell rat bites you!
* * * LOW HITPOINT WARNING * * *
You feel drained.
You die...

#.###.# #.
#####......[....
##.##..r .##
#..>........
#.## ..r#..#
#>.......... #.#
.r#.#
#...........
#.## #rr#
#...........
##.# #rr#
#...........
#†## #rr#
.............#
##.# ##r#
....#####.....
#†## ##@##....
#..... ##.##
#.###.... #.....
##.####.# ..
#..... ##.##.##
#####. #.#.## #.
##.#.# #. #####
#. #. #.


You could see 3 hell rats and 5 river rats.

Vanquished Creatures
  Grinder (D:6)
  Sigmund (D:5)
  Eustachio (D:6)
  Menkaure (D:5)
  An orc warrior (D:6)
  2 black bears (D:5)
  A phantom (D:6)
  A bullfrog (D:6)
  2 necrophages (D:5)
  2 scorpions
  5 wights (D:6)
  2 jellies
  A hound (D:6)
  3 orc priests
  3 iguanas (D:5)
  4 orc wizards
  A hell rat (D:6)
  7 adders
  10 river rats (D:6)
  A white imp (D:6)
  An ufetubus (D:4)
  2 worms (D:3)
  3 dart slugs
  18 orcs
  4 bats
  5 endoplasms
  4 giant cockroaches
  12 goblins
  12 hobgoblins
  15 jackals
  6 kobolds
  7 quokkas
  3 ball pythons
  3 frilled lizards
  4 rats
149 creatures vanquished.

Vanquished Creatures (collateral kills)
  A bullfrog (D:5)
  3 orc priests (D:5)
  An orc (D:5)
5 creatures vanquished.

Grand Total: 154 creatures vanquished

Notes
Turn   | Place    | Note
-------+----------+-------------------------------------------
     0 | D:1      | bwicke the Demigod Transmuter began the quest for the Orb.
     0 | D:1      | Reached XP level 1. HP: 15/15 MP: 5/5
    32 | D:1      | Reached skill level 1 in Fighting
   318 | D:1      | Reached XP level 2. HP: 18/24 MP: 5/7
  1384 | D:1      | Reached XP level 3. HP: 28/30 MP: 6/8
  1773 | D:2      | Found Kollasm's One-of-a-Kind Rings.
  1953 | D:2      | Reached skill level 1 in Slings
  2563 | D:3      | Reached XP level 4. HP: 35/38 MP: 9/9
  3790 | D:4      | Found a staircase to the Ecumenical Temple.
  4048 | D:4      | Reached XP level 5. HP: 37/45 MP: 10/10
  4378 | D:4      | Reached skill level 1 in Evocations
  4930 | D:5      | Entered Level 5 of the Dungeon
  4943 | D:5      | Noticed Menkaure
  4961 | D:5      | Killed Menkaure
  4962 | D:5      | Reached XP level 6. HP: 5/51 MP: 11/11
  5712 | D:5      | Reached XP level 7. HP: 57/57 MP: 12/12
  5716 | D:5      | Reached skill level 5 in Evocations
  6464 | D:5      | Noticed Sigmund
  6466 | D:5      | Killed Sigmund
  7054 | D:6      | Reached XP level 8. HP: 46/66 MP: 13/13
  7305 | D:6      | Noticed Eustachio
  7307 | D:6      | Killed Eustachio
  7308 | D:6      | Reached skill level 5 in Fighting
  7683 | D:6      | Noticed Grinder
  7710 | D:6      | Killed Grinder
  8400 | D:6      | Slain by a hell rat

Illustrated notes

Levels and vault maps discovered:
D:1:      lemuel_arrival_muddy, layout_basic
D:2:      layout_basic, nicolae_shop_unique_rings
D:3:      layout_basic, st_stairs_12
D:4:      layout_basic, nicolae_tso_swordbearing_angel,
          minmay_temple_entry_mini_moons
D:5:      layout_cave_pods, uniq_menkaure, uniq_sigmund
D:6:      wander_guarded_unrand_ratskin, layout_basic, uniq_eustachio,
          uniq_grinder

Skill      XL: |  1  2  3  4  5  6  7  8 |
---------------+-------------------------+-----
Fighting       | 2 3 7 |  7.0
Slings         | 2 |  2.6
Transmutations | 2 3 4 |  4.4
Evocations     | 3 4 7 |  7.0
Dodging        | |  1.7
Unarmed Combat | |  2.6
Spellcasting   | |  1.7

Action                   |  1- 3 |  4- 6 |  7- 9 || total
-------------------------+-------+-------+-------++-------
Melee: Unarmed           |    24 |     2 |       ||    26
       Headbutt          |    11 |       |    19 ||    30
       Kick              |    13 |     2 |    23 ||    38
       Short sword       |    70 |       |       ||    70
       Punch             |     2 |     2 |     2 ||     6
       Spear             |       |     6 |    22 ||    28
       Flail             |       |    36 |    91 ||   127
       Trident           |       |       |    43 ||    43
 Fire: Hunting sling     |    57 |   165 |    15 ||   237
 Cast: Beastly Appendage |    16 |     3 |    14 ||    33
Evoke: Wand              |       |     3 |     9 ||    12
  Use: Potion            |       |     1 |     1 ||     2
       Scroll            |       |     4 |     3 ||     7
Armor: Robe              |    21 |       |       ||    21
       Ring mail         |     2 |    49 |    37 ||    88
       Skin              |       |    12 |       ||    12
Dodge: Dodged            |    86 |    92 |   108 ||   286

Table legend: (Time is in decaauts)
 A = Elapsed time spent in this place.
 B = Non-inter-level travel time spent in this place.
 C = Inter-level travel time spent in this place.
 D = Time resting spent in this place.
 E = Time spent auto-exploring this place.
 F = Levels seen in this place.
 G = Mean time per level.
                   A        B        C        D        E       F      G
               +--------+--------+--------+--------+--------+-----+--------+
         Total |   8572 |   8441 |    131 |   1416 |   5331 |   6 | 1428.7 |
       Dungeon |   8572 |   8441 |    131 |   1416 |   5331 |   6 | 1428.7 |
               +--------+--------+--------+--------+--------+-----+--------+

Top non-repeatable levels by time:
     D:5: 2339 daAuts
     D:1: 1722 daAuts
     D:3: 1302 daAuts
     D:4: 1216 daAuts
     D:6: 1197 daAuts
     D:2: 794 daAuts
